 Dungeon Crawl Stone Soup version 0.22-a0-271-gc000056 (webtiles) character file.

34932 4thArraOfDagon the Earth Mage (level 13, -3/79 HPs)
             Began as a Barachi Earth Elementalist on Mar 9, 2018.
             Was the Champion of Vehumet.
             Slain by an orc knight
             ... wielding a +0 great sword
              (15 damage)
             ... on level 2 of the Orcish Mines on Mar 10, 2018.
             The game lasted 01:02:40 (10147 turns).

4thArraOfDagon the Earth Mage (BaEE)               Turns: 10147, Time: 01:02:41

Health: -3/79      AC:  7    Str: 11    XL:     13   Next: 80%
Magic:  0/30       EV: 13    Int: 25    God:    Vehumet [******]
Gold:   1259       SH:  0    Dex: 23    Spells: 26/38 levels left

rFire    . . .     SeeInvis .   t - -3 scythe
rCold    . . .     Gourm    .   (shield currently unavailable)
rNeg     . . .     Faith    +   r - +2 robe of the Blind Marksman {+Inv Int+3}
rPois    +         Spirit   .   L - +0 helmet
rElec    .         Reflect  .   w - +1 cloak
rCorr    .         Harm     .   (no gloves)
MR       .....                  (no boots)
Stlth    ++........             j - amulet of faith
HPRegen  0.23/turn              F - ring "Nickun" {rPois Str+2 Int+2 Dex+9}
MPRegen  0.22/turn              R - ring of wizardry

@: slow
A: +LOS, swims, slowness 1, strong legs 2
a: Hop, Renounce Religion, Evoke Invisibility


You were on level 2 of the Orcish Mines.
You worshipped Vehumet.
Vehumet was exalted by your worship.
You were not hungry.

You visited 3 branches of the dungeon, and saw 18 of its levels.

You collected 1259 gold pieces.

Inventory:

Hand Weapons
 a - a +2 short sword of holy wrath
 t - a -3 scythe (weapon)
 v - a +2 quarterstaff of chaos
Missiles
 b - 33 stones (quivered)
 q - 5 poisoned tomahawks
Armour
 c - a +0 robe
 r - the +2 robe of the Blind Marksman (worn) {+Inv Int+3}
   (You found it on level 5 of the Dungeon)

   It affects your intelligence (+3).
   It lets you turn invisible.
 w - a +1 cloak (worn)
 y - a +2 robe of magic resistance
 L - a +0 helmet (worn)
 Y - a cursed +0 robe
 Z - a +0 troll leather armour
Magical Staves
 D - an uncursed staff of cold
 G - an uncursed staff of death
 Q - an uncursed staff of conjuration {!a}
Jewellery
 j - an amulet of faith (around neck)
 o - the amulet "Xary" {Harm *Drain rElec Str+3}
   (You took it off an orc on level 5 of the Dungeon)

   [amulet of harm]

   It increases damage dealt and taken.
   It affects your strength (+3).
   It insulates you from electricity.
   It causes draining when unequipped.
 F - the ring "Nickun" (left hand) {rPois Str+2 Int+2 Dex+9}
   (You found it on level 9 of the Dungeon)

   [ring of intelligence]

   It affects your strength (+2).
   It affects your intelligence (+2).
   It affects your dexterity (+9).
   It protects you from poison.
 R - a ring of wizardry (right hand)
 U - a cursed amulet of inaccuracy {unknown}
Wands
 A - a wand of enslavement (15)
 B - a wand of flame (48)
 J - a wand of paralysis (2)
 P - a wand of scattershot (1)
 T - a wand of digging (13)
Scrolls
 e - 4 scrolls of immolation {unknown}
 f - 3 scrolls of noise
 g - a scroll of random uselessness
 i - 6 scrolls of enchant weapon
 k - 4 scrolls of enchant armour
 l - 2 scrolls of remove curse
 m - 3 scrolls of fog
 s - 2 scrolls of magic mapping
 x - a scroll of teleportation
 z - a scroll of summoning
 C - 2 scrolls of amnesia
 E - a scroll of vulnerability {unknown}
 I - 3 scrolls of fear {unknown}
Potions
 h - 4 potions of curing
 n - a potion of flight
 p - a potion of magic
 u - a potion of brilliance
 H - 2 potions of might {unknown}
 M - 2 potions of degeneration {unknown}
 N - a potion of heal wounds
 O - a potion of invisibility {unknown}
 S - a potion of mutation {unknown}
 V - a potion of agility {unknown}
 X - a potion of ambrosia
Comestibles
 d - 19 rations
 K - 2 chunks of flesh


   Skills:
 - Level 2.1 Dodging
 - Level 1.7 Stealth
 + Level 13.3 Spellcasting
 - Level 1.1 Transmutations
 * Level 17.9 Earth Magic


You had 26 spell levels left.
You knew the following spells:

 Your Spells              Type           Power        Failure   Level  Hunger
a - Sandblast             Erth           ######       0%          1    None
b - Lee's Rapid Deconstr  Erth           #######...   1%          5    ###....
c - Passwall              Tmut/Erth      ######....   1%          2    None
d - Sticky Flame          Conj/Fire      ###.....     4%          4    None


Dungeon Overview and Level Annotations

Branches:
Dungeon (15/15)            Temple (1/1) D:6            Lair (0/6) D:11
    Orc (2/2) D:9             Elf (0/3) Orc:2        Vaults (0/5) D:14
 Depths: D:15

Altars:
Ashenzari
Cheibriados
Dithmenos
Elyvilon
Fedhas
Gozag
Hepliaklqana
Kikubaaqudgha
Makhleb
Nemelex Xobeh
Okawaru
Qazlal
Ru
Sif Muna
Trog
Uskayaw
Vehumet
Wu Jian
Xom
Yredelemnul
Zin
The Shining One
Beogh

Shops:
D:12 (   Orc:1 }   Orc:2 (

Annotations:
D:5 Dowan
D:14 Urug


Innate Abilities, Weirdness & Mutations

Shadows flee at your approach. (+LOS)
You can swim through water.
You cover ground slowly.
You can hop long distances.


Message History

Press: ? - help, Shift-Dir - straight line, p - orc knight The orc knight is almost dead.
The orc knight hits you with a great sword.
* * * LOW HITPOINT WARNING * * *
Unknown command.
Evoke which item? (* to show all) (? for menu, Esc to quit)
Aiming: Scattershot
Press: ? - help, Shift-Dir - straight line The burst of metal fragments hits the orc knight. x2
The orc knight is almost dead.
Unknown command.
Casting: Lee's Rapid Deconstruction (safe; 1% risk of failure)
Confirm with . or Enter, or press ? or * to list all spells.
Aiming: Sandblast (safe; 0% risk of failure)
Press: ? - help, Shift-Dir - straight line The blast of sand hits the orc knight.
The orc knight is almost dead.
b - 33 stones The orc knight hits you with a great sword!
You die...

..o..........8. #....
#...§......### #....
.....o....# ##.#.
#.....#..)## ### #### #...o.
#...###.## ##
#8...8###).)#...###.##
#.#.....#.##)∩#[.##....##
#..#........###o.......#.##
#
..$......)....))@(....#...#
.........................#
...................#.....#
........................##
....................#.###
...............##....##
................#....##
...........#...##.....#
...............#......######
###


You could see an orc knight.

Vanquished Creatures
  A hydra (D:9)
  6 two-headed ogres
  A centaur warrior (D:13)
  A tengu warrior (D:14)
  An orc high priest (Orc:2)
  4 skeletal warriors (D:14)
  An unseen horror (D:12)
  Pikel (D:6)
  2 wizards (D:14)
  4 orc knights (Orc:2)
  An ugly thing (D:12)
  3 deep elf magi
  A manticore (D:13)
  3 orc sorcerers
  Psyche (D:10)
  A gargoyle (D:11)
  Joseph (D:7)
  2 komodo dragons (D:12)
  A merfolk (D:10)
  3 trolls
  A hornet (D:11)
  5 hippogriffs
  2 acid dragons
  9 yaks
  Sigmund (D:3)
  2 wyverns
  A vampire (D:9)
  2 shadows (D:14)
  A wraith (D:13)
  3 vampire mosquitoes (D:12)
  4 hungry ghosts
  2 wargs
  A soldier ant (D:11)
  A water moccasin (D:8)
  28 orc warriors
  A slave (D:6)
  8 sky beasts
  7 ice beasts
  11 killer bees
  A necrophage (D:11)
  2 black bears
  A phantom (D:8)
  9 ogres
  An eye of draining (D:12)
  18 centaurs
  6 bullfrogs
  A gnoll sergeant (D:9)
  4 scorpions
  4 wights
  An electric eel (D:11)
  2 howler monkeys
  15 crimson imps
  2 bullfrog zombies
  2 centaur zombies
  5 hounds
  2 bullfrog skeletons
  7 centaur skeletons
  4 jellies
  17 orc priests
  24 orc wizards
  Crazy Yiuf (D:4)
  4 iguanas
  Jessica (D:2)
  9 worker ants
  A killer bee zombie (D:6)
  The ghost of 4thArraOfDagon the Digger, a weakling BaEE (D:3)
  A hound skeleton (D:5)
  3 worker ant zombies
  3 gnolls
  8 adders
  4 shadow imps
  A white imp (D:10)
  2 adder skeletons
  3 adder zombies (D:9)
  A worm (D:2)
  A dart slug (D:2)
  7 leopard geckos
  60 orcs
  A ball python (D:5)
  3 giant cockroaches
  11 goblins
  8 hobgoblins
  11 jackals
  2 quokkas
  6 bats
  6 frilled lizards
  A giant cockroach zombie (D:3)
  2 jackal skeletons
  2 kobolds (D:2)
  A quokka skeleton (D:5)
  4 rats
426 creatures vanquished.

Vanquished Creatures (collateral kills)
  A troll (Orc:2)
  An orc priest (D:9)
  An orc wizard (D:13)
  7 orcs
10 creatures vanquished.

Vanquished Creatures (others)
  A yak (D:11)
  2 orc warriors
  A killer bee (D:9)
4 creatures vanquished.

Grand Total: 440 creatures vanquished

Notes
Turn   | Place    | Note
-------+----------+-------------------------------------------
     0 | D:1      | 4thArraOfDagon the Barachi Earth Elementalist began the quest for the Orb.
     0 | D:1      | Reached XP level 1. HP: 13/13 MP: 3/3
    12 | D:1      | Thaneod: quokka
    73 | D:1      | Reached XP level 2. HP: 18/19 MP: 0/5
   171 | D:2      | Reached XP level 3. HP: 15/24 MP: 4/7
   193 | D:2      | Noticed Sigmund
   391 | D:4      | Reached skill level 4 in Earth Magic
   408 | D:4      | Found a runed door.
   528 | D:5      | Entered Level 5 of the Dungeon
   528 | D:5      | Noticed a scorpion
   539 | D:4      | Reached XP level 4. HP: 19/30 MP: 0/8
   692 | D:4      | Reached skill level 5 in Earth Magic
   692 | D:4      | Reached XP level 5. HP: 27/35 MP: 4/10
   783 | D:4      | Learned a level 5 spell: Lee's Rapid Deconstruction
   786 | D:4      | Learned a level 2 spell: Passwall
   861 | D:5      | Noticed an ice beast
   898 | D:6      | Reached XP level 6. HP: 40/41 MP: 7/12
   932 | D:6      | Found a staircase to the Ecumenical Temple.
   939 | Temple   | Entered the Ecumenical Temple
   980 | Temple   | Became a worshipper of Vehumet
  1098 | D:6      | Noticed an orc warrior
  1155 | D:5      | Reached skill level 6 in Earth Magic
  1293 | D:4      | Noticed an orc warrior
  1405 | D:5      | Got a scintillating brass amulet
  1422 | D:5      | Reached XP level 7. HP: 41/46 MP: 6/13
  1504 | D:5      | Noticed Dowan
  1569 | D:5      | Reached skill level 7 in Earth Magic
  1627 | D:5      | Got a dull robe
  1640 | D:5      | Identified the +2 robe of the Blind Marksman {+Inv Int+3} (You found it on level 5 of the Dungeon)
  1770 | D:4      | Reached * piety under Vehumet
  1770 | D:4      | Offered knowledge of Magic Dart by Vehumet.
  1886 | D:3      | Noticed 4thArraOfDagon's ghost (weakling BaEE)
  1892 | D:3      | Killed 4thArraOfDagon's ghost
  1934 | D:3      | Identified the amulet "Xary" {Harm *Drain rElec Str+3} (You took it off an orc on level 5 of the Dungeon)
  1952 | D:3      | Reached skill level 5 in Spellcasting
  2265 | D:2      | Noticed Jessica
  2266 | D:2      | Killed Jessica
  2436 | D:1      | Offered knowledge of Shock by Vehumet.
  2437 | D:1      | Reached ** piety under Vehumet
  2698 | D:3      | Killed Sigmund
  2698 | D:3      | Reached XP level 8. HP: 43/52 MP: 14/16
  2907 | D:6      | Reached skill level 8 in Earth Magic
  2908 | D:6      | Upgraded the game from 0.22-a0-268-g1cc83ef to 0.22-a0-271-gc000056
  3078 | D:6      | Reached skill level 9 in Earth Magic
  3088 | D:6      | Offered knowledge of Throw Flame by Vehumet.
  3342 | D:4      | Reached XP level 9. HP: 37/57 MP: 3/19
  3413 | D:4      | Noticed Crazy Yiuf
  3418 | D:4      | Killed Crazy Yiuf
  3457 | D:6      | Noticed Pikel
  3462 | D:6      | Killed Pikel
  3462 | D:6      | Reached skill level 10 in Earth Magic
  3468 | D:6      | Reached *** piety under Vehumet
  3739 | D:7      | Reached skill level 11 in Earth Magic
  3887 | D:7      | Noticed Joseph
  3893 | D:7      | Killed Joseph
  3893 | D:7      | Reached XP level 10. HP: 59/63 MP: 7/22
  3915 | D:7      | Offered knowledge of Airstrike by Vehumet.
  3989 | D:8      | Noticed a two-headed ogre
  4018 | D:8      | Killed a two-headed ogre
  4051 | D:8      | Reached skill level 12 in Earth Magic
  4081 | D:8      | Noticed a two-headed ogre
  4085 | D:8      | Killed a two-headed ogre
  4156 | D:8      | Found a hide-covered altar of Uskayaw.
  4233 | D:8      | Reached **** piety under Vehumet
  4520 | D:9      | Offered knowledge of Bolt of Magma by Vehumet.
  4746 | D:9      | Reached skill level 13 in Earth Magic
  4863 | D:9      | Reached ***** piety under Vehumet
  4881 | D:9      | Reached XP level 11. HP: 68/68 MP: 13/24
  4881 | D:9      | Offered knowledge of Bolt of Draining by Vehumet.
  4902 | D:9      | Got a glittering turquoise ring
  4903 | D:9      | Identified the ring "Nickun" {rPois Str+2 Int+2 Dex+9} (You found it on level 9 of the Dungeon)
  4969 | D:9      | Noticed an eight-headed hydra
  5011 | D:9      | Killed an eight-headed hydra
  5011 | D:9      | Reached skill level 10 in Spellcasting
  5169 | D:9      | Found a staircase to the Orcish Mines.
  5362 | D:10     | Entered Level 10 of the Dungeon
  5362 | D:10     | Noticed a two-headed ogre
  5366 | D:10     | Killed a two-headed ogre
  5388 | D:10     | Noticed Psyche
  5391 | D:10     | Killed Psyche
  5391 | D:10     | Reached skill level 14 in Earth Magic
  5634 | D:10     | Noticed a deep elf mage
  5636 | D:10     | Killed a deep elf mage
  5755 | D:10     | Noticed a two-headed ogre
  5758 | D:10     | Killed a two-headed ogre
  6311 | D:11     | Reached skill level 15 in Earth Magic
  6311 | D:11     | Reached XP level 12. HP: 74/74 MP: 18/27
  6493 | D:11     | Noticed a two-headed ogre
  6497 | D:11     | Killed a two-headed ogre
  6510 | D:11     | Found a staircase to the Lair.
  6583 | D:12     | Offered knowledge of Sticky Flame by Vehumet.
  6938 | D:12     | Reached skill level 16 in Earth Magic
  7186 | D:12     | Found Geneczocs's Weapon Boutique.
  7211 | D:13     | Noticed a centaur warrior
  7214 | D:13     | Killed a centaur warrior
  7322 | D:13     | HP: 2/74 [wight/halberd of freezing (2)]
  7610 | D:14     | Gained mutation: You can hop long distances. [Barachi growth]
  7610 | D:14     | Reached XP level 13. HP: 71/79 MP: 22/29
  7908 | D:14     | Reached skill level 17 in Earth Magic
  7996 | D:14     | Noticed Urug
  8037 | D:14     | Noticed an ogre mage
  8156 | D:14     | Found a gate to the Vaults.
  8201 | D:15     | Entered Level 15 of the Dungeon
  8415 | Orc:1    | Entered Level 1 of the Orcish Mines
  8464 | Orc:1    | Found Zuibiany's Gadget Shoppe.
  8490 | Orc:2    | Entered Level 2 of the Orcish Mines
  8620 | Orc:2    | Learned a level 4 spell: Sticky Flame
  8620 | Orc:2    | Found a staircase to the Elven Halls.
  8771 | Orc:1    | Noticed an orc warlord
  8907 | Orc:2    | Reached ****** piety under Vehumet
  9289 | Orc:2    | Offered knowledge of Fireball by Vehumet.
  9704 | Orc:2    | Noticed an orc warlord
 10003 | Orc:2    | Found Moxt's Antique Weapon Boutique.
 10125 | Orc:2    | Found a roughly hewn altar of Beogh.
 10147 | Orc:2    | Slain by an orc knight

Vault maps used:
D:1:      mrwooster_arrival_statue_2
D:2:      first_ration, uniq_jessica, uniq_sigmund
D:4:      uniq_crazy_yiuf_cottage
D:5:      grunt_ministairs_10, minmay_lizard_king, uniq_duvessa
D:6:      minmay_temple_entry_overgrown, uniq_pikel
D:7:      uniq_joseph, uniq_prince_ribbit1
D:8:      overflow_temple_1_default
D:9:      kennysheep_windowed_halls, erik_orc_4
D:10:     hangedman_fish_farm, minmay_nine_imps, uniq_psyche
D:11:     lair_entry_dummy, nrook_pool_corridor, patterned_corridor
D:12:     serial_shops, nicolae_shop_window_shopping, grunt_decor_cap,
          minmay_door_square
D:13:     minivault_4
D:14:     david_vaults_1, david_greed, uniq_urug
D:15:     hangedman_depths_entry_try_elsewhere_first, small_statue_intersection,
          serial_shops, shop, st_stairs_6, minmay_misc_feat_more_columns
Temple:   kilobyte_greek_temple
Orc:1:    serial_shops, nicolae_shop_behind_doors
Orc:2:    grunt_orc_cross

Skill      XL: |  1  2  3  4  5  6  7  8  9 10 11 12 13 |
---------------+----------------------------------------+-----
Spellcasting   | 3 4 5 6 8 9 11 12 13 | 13.3
Earth Magic    | 4 5 6 7 9 11 13 15 16 17 | 17.9
Dodging        | |  2.1
Stealth        | |  1.7
Transmutations | |  1.1

Action                   |  1- 3 |  4- 6 |  7- 9 | 10-12 | 13-15 || total
-------------------------+-------+-------+-------+-------+-------++-------
Melee: Short sword       |    28 |    30 |   200 |    77 |       ||   335
       Quarterstaff      |       |       |    25 |    80 |    46 ||   151
       Scythe            |       |       |       |       |     2 ||     2
 Cast: Sandblast         |    26 |    35 |    43 |   124 |    62 ||   290
       Lee's Rapid Decon |       |       |    27 |   113 |    90 ||   230
       Passwall          |       |       |     1 |     2 |       ||     3
 Abil: Hop               |     1 |       |     2 |     2 |     5 ||    10
Evoke: Wand              |       |       |       |    18 |    29 ||    47
  Use: Scroll            |     2 |     6 |     5 |     5 |     2 ||    20
       Potion            |       |       |     1 |     8 |       ||     9
 Stab: Sleeping          |     1 |       |     1 |       |       ||     2
       Distracted        |       |       |     1 |       |       ||     1
       Paralysed         |       |       |       |     2 |       ||     2
  Eat: Chunk             |       |     2 |    16 |    27 |    12 ||    57
       Ration            |       |       |       |     2 |     1 ||     3
Armor: Robe              |     6 |     3 |    64 |    94 |    28 ||   195
Dodge: Dodged            |    34 |    39 |   155 |   180 |    52 ||   460

Table legend:
 A = Spawn XP
 B = Non-spawn XP
 C = Spawn XP percentage of total XP
 D = Spawn monster count
 E = Non-spawn monster count
 F = Spawn count percentage of total count
 G = Total turns spent on level
                    A         B        C        D         E        F      G
               +---------+---------+-------+---------+---------+-------+---------
         Total |       0 |   49903 |   0.0 |       0 |     436 |   0.0 | 10147
               +---------+---------+-------+---------+---------+-------+---------
           D:1 |       0 |      32 |   0.0 |       0 |      19 |   0.0 |   374
           D:2 |       0 |      80 |   0.0 |       0 |      16 |   0.0 |   457
           D:3 |       0 |     310 |   0.0 |       0 |      17 |   0.0 |   358
           D:4 |       0 |     364 |   0.0 |       0 |      15 |   0.0 |   927
           D:5 |       0 |     594 |   0.0 |       0 |      28 |   0.0 |   742
           D:6 |       0 |    1867 |   0.0 |       0 |      24 |   0.0 |   598
           D:7 |       0 |    1477 |   0.0 |       0 |      17 |   0.0 |   420
           D:8 |       0 |    2690 |   0.0 |       0 |      24 |   0.0 |   488
           D:9 |       0 |    4175 |   0.0 |       0 |      54 |   0.0 |   938
          D:10 |       0 |    5232 |   0.0 |       0 |      36 |   0.0 |   677
          D:11 |       0 |    4860 |   0.0 |       0 |      30 |   0.0 |   569
          D:12 |       0 |    6437 |   0.0 |       0 |      40 |   0.0 |   897
          D:13 |       0 |    4061 |   0.0 |       0 |      30 |   0.0 |   481
          D:14 |       0 |    8517 |   0.0 |       0 |      18 |   0.0 |   405
         Orc:1 |       0 |     721 |   0.0 |       0 |       5 |   0.0 |    86
         Orc:2 |       0 |    8486 |   0.0 |       0 |      63 |   0.0 |  1646
               +---------+---------+-------+---------+---------+-------+---------
